 Dungeon Crawl Stone Soup version 0.31.0-11-ge490571c62 (webtiles) character file.

Game seed: 6793258029079565511

79 Gadfly the Insei (level 4, -5/35 HPs)
             Began as a Demonspawn Monk on Feb 2, 2024.
             Killed from afar by Natasha (7 damage)
             ... with a magic dart
             ... on level 3 of the Dungeon.
             The game lasted 00:02:02 (1406 turns).

Gadfly the Insei (Demonspawn Monk)                  Turns: 1406, Time: 00:02:03

Health: -5/35      AC:  3    Str: 13    XL:     4   Next: 16%
Magic:  4/4        EV: 13    Int: 11    God:
Gold:   118        SH:  0    Dex: 15    Spells: 1/3 levels left

rFire   . .          .
                       - Unarmed
rCold   . . .        c - orb {light}
rNeg    . . .        a - +1 robe
rPois   .            (no helmet)
rElec   .            (no cloak)
rCorr   .            (no gloves)
SInv    .            (no boots)
Will    .....        (no amulet)
Stlth   +            (no ring)
HPRegen 0.25/turn    (no ring)
MPRegen 0.09/turn

%: no passive effects
@: glowing
A: hooves 1, demonic guardian 1
a: no special abilities


You were on level 3 of the Dungeon.
You visited 1 branch of the dungeon, and saw 3 of its levels.

You collected 118 gold pieces.

Inventory:

Missiles
 e - a throwing net (quivered)
Armour
 a - a +1 robe (worn)
 c - an orb of light (worn)
Scrolls
 g - a scroll of enchant weapon {unknown}
Potions
 b - a potion of ambrosia
 d - a potion of cancellation
 f - a potion of lignification {unknown}
 h - a potion of heal wounds {unknown}
 l - a potion of magic {unknown}


   Skills:
 - Level 3.0 Fighting
 + Level 3.0 Dodging
 * Level 3.3 Unarmed Combat
 * Level 1.8 Evocations
 * Level 1.4 Shapeshifting


You had one spell level left.
You knew the following spells:

 Your Spells              Type           Power      Damage    Failure   Level
a - Blink                 Tloc           0%         N/A       47%         2

Your spell library contained the following spells:

 Spells                   Type           Power      Damage    Failure   Level
 Magic Dart               Conj           0%         1d3       34%         1
 Call Imp                 Summ           0%         N/A       47%         2
 Summon Forest            Summ/Tloc      0%         N/A       100%        5
 Eringya's Noxious Bog    Alch           0%         4d6       100%        6
 Summon Hydra             Summ           0%         N/A       100%        7


Dungeon Overview and Level Annotations

Branches:
Dungeon (3/15)

Altars:

Annotations:
D:3 Natasha


Innate Abilities, Weirdness & Mutations

You have large cloven feet.
A weak demonic guardian rushes to your aid.


Message History

You kill the adder!
You feel sick.
You are too injured to fight recklessly!
You are too injured to fight recklessly!
You are too injured to fight recklessly!
You are too injured to fight recklessly!
You are too injured to fight recklessly!
You feel sick.
A magic dart appears from out of your range of vision.
The magic dart hits your white imp.
You feel sick.
A magic dart appears from out of your range of vision.
The magic dart hits your white imp!
Your white imp dies!
Your white imp disappears in a puff of smoke!
You feel sick.
Natasha, Servant of Life and Death comes into view.
Natasha is nearby!
Natasha is nearby!
You are too injured to fight recklessly!
You are too injured to fight recklessly!
You feel sick.
Natasha hisses angrily.
Natasha claws you!
* * * LOW HITPOINT WARNING * * *
You hit Natasha. Your kick misses Natasha.
Natasha is lightly wounded.
You feel sick.
You are no longer poisoned.
Natasha closely misses you.
You hit Natasha but do no damage.
Natasha is lightly wounded.
Natasha claws you.
* * * LOW HITPOINT WARNING * * *
You barely miss Natasha. You kick Natasha, but do no damage.
Natasha is lightly wounded.
Natasha casts a spell at you. The magic dart hits you!
You die...
Natasha curls up and begins to purr.

#.# #######.## ##
#.# ##.###. #.##
##...# ...#
#######.##
#..#####........#
#...............#
#.######.######.#
#########h######.#
#.#
......†.@........#
##.#
#.################
#... ##.# ###


You could see Natasha.

Vanquished Creatures
  Natasha (D:3)
  2 adders (D:3)
  3 dart slugs
  4 endoplasms
  5 goblins
  2 hobgoblins (D:1)
  2 jackals (D:1)
  A ball python (D:2)
  2 bats (D:1)
  3 frilled lizards
  3 kobolds
  2 rats
30 creatures vanquished.

Vanquished Creatures (collateral kills)
  A hobgoblin (D:2)
1 creature vanquished.

Grand Total: 31 creatures vanquished

Notes
Turn   | Place    | Note
-------+----------+-------------------------------------------
     0 | D:1      | Gadfly the Demonspawn Monk began the quest for the Orb.
     0 | D:1      | Reached XP level 1. HP: 18/18 MP: 1/1
   115 | D:1      | Gained mutation: A weak demonic guardian rushes to your
                  | aid. [demonic ancestry]
   115 | D:1      | Reached XP level 2. HP: 24/24 MP: 2/2
   310 | D:1      | Reached skill level 1 in Evocations
   640 | D:2      | Reached skill level 1 in Shapeshifting
   640 | D:2      | Gained mutation: You have large cloven feet. [demonic
                  | ancestry]
   640 | D:2      | Reached XP level 3. HP: 24/29 MP: 3/3
  1020 | D:2      | Learned a level 2 spell: Blink
  1159 | D:3      | Noticed Natasha
  1288 | D:3      | Killed Natasha
  1289 | D:3      | Reached XP level 4. HP: 21/35 MP: 4/4
  1402 | D:3      | Noticed Natasha
  1406 | D:3      | Killed from afar by Natasha

Illustrated notes

Levels and vault maps discovered:
D:1:      psy_arrival_heroes, layout_basic
D:2:      layout_loops_ring
D:3:      layout_loops_ring, minmay_misc_feat_more_columns, minmay_bisected,
          uniq_sigmund, uniq_natasha

Skill      XL: |  1  2  3 |
---------------+----------+-----
Evocations     | 1 |  1.8
Unarmed Combat | 3 |  3.3
Shapeshifting  | 1 |  1.4
Dodging        | 3 |  3.0
Fighting       | |  3.0

Action                     |  1- 3 |  4- 6 || total
---------------------------+-------+-------++-------
  Melee: Unarmed           |    98 |    10 ||   108
         Kick              |     3 |     5 ||     8
    Use: Scroll            |     5 |       ||     5
         Potion            |     1 |       ||     1
 Armour: Robe              |    41 |     8 ||    49
  Dodge: Dodged            |    65 |     3 ||    68
